cohdb
Replays
Latest Replays
All Replays
Popular Replays
Top Player Replays
Match Explorer
How It Works
Community
CoH3 Stats
Reddit
Sign in to upload your games and track your stats! →
Sign in with Steam
Match 46212457
Unlisted
Match 46212457
Overview
Messages
Build Orders
End
Selects Heavy Armor Battlegroup
Construct Section Command Post
Infantry Section
Dingo Light Scout Car
Infantry Section
Vickers Machine Gun Team
Construct Platoon Command Post
6-pounder Anti-tank Gun Team
Construct Field Infirmary
Selects Rigorous Vehicle Training
Unlock Bishop Self-propelled Artillery
Selects Light Vehicle Withdraw and Refit
Bishop Self-propelled Artillery
Selects UNKNOWN (202330)
Light Vehicle Training
Vickers Machine Gun Team
6-pounder Anti-tank Gun Team
6-pounder Anti-tank Gun Team
Derek Doon
SeMooS
Suckobert
一杆大长枪的爹
Ra11
Lyco
Clavis
FLOKL
0
0
Comments
sign in to comment!
No comments posted yet!